 Dungeon Crawl Stone Soup version 0.30.0-21-gd299b56b3f (webtiles) character file.

Game seed: 6679855045506548851

26585 qw the Cleaver (level 13, -10/82 HPs)
             Began as a Gargoyle Fighter on June 2, 2023.
             Was an Elder of Okawaru.
             Blown up by an orb spider (60 damage)
             ... with an orb of destruction
             ... on level 3 of the Lair of Beasts.
             The game lasted 00:05:55 (11602 turns).

qw the Cleaver (Gargoyle Fighter)                  Turns: 11602, Time: 00:05:56

Health: -10/82     AC: 37    Str: 25    XL:     13   Next: 26%
Magic:  20/20      EV:  4    Int:  9    God:    Okawaru [****..]
Gold:   301        SH:  0    Dex:  9    Spells: 12/12 levels left

rFire   . . .        g - +7 broad axe (flame)
rCold   + . .        c - +0 buckler
rNeg    + . .        v - +0 plate armour
rPois   inf          j - +2 helmet
rElec   +            k - +2 cloak
rCorr   .            y - +0 pair of gloves
SInv    .            p - +0 pair of boots
Will    .....        s - amulet of the acrobat Stlth
                     m - ring of protection from cold
HPRegen 0.33/turn    o - +4 ring of protection
MPRegen 0.17/turn

%: acrobat
@: held
A: sickness immunity, AC +9, negative energy resistance 1, electricity
resistance, torment resistance 1, petrification resistance
a: Renounce Religion, Heroism, Finesse


You were on level 3 of the Lair of Beasts.
You worshipped Okawaru.
Okawaru was greatly pleased with you.
You visited 3 branches of the dungeon, and saw 12 of its levels.
You also visited: Sewer.

You collected 574 gold pieces.
You spent 273 gold pieces at shops.


Innate Abilities, Weirdness & Mutations

You are immune to sickness and miasma.
Your stone body is resilient. (AC +9)
You are immune to poison.
You resist negative energy. (rN+)
You are resistant to electric shocks. (rElec)
You are resistant to unholy torment.
You are immune to petrification.


   Skills:
 - Level 10.2 Fighting
 - Level 13.7 Axes
 + Level 3.0 Throwing
 - Level 10.0 Armour
 - Level 2.0 Dodging
 - Level 6.1 Shields
 - Level 10.0 Invocations


You had 12 spell levels left.
You didn't know any spells.
Your spell library was empty.

Inventory:

Hand Weapons
 g - a +7 broad axe of flaming (weapon)
Missiles
 f - a boomerang
 w - 2 javelins (quivered)
Armour
 c - a +0 buckler (worn)
 j - a +2 helmet (worn)
 k - a +2 cloak (worn)
 p - a +0 pair of boots (worn)
 v - a +0 plate armour (worn)
 x - the +4 ring mail "Peaneud" {rElec rF++ Int+4}
   (You found it on level 2 of the Lair of Beasts)

   Int:       It affects your intelligence (+4).
   rF:        It greatly protects you from fire.
   rElec:     It insulates you from electricity.
 y - a +0 pair of gloves (worn)
 z - a +0 tower shield
 A - a scarf of resistance
Jewellery
 m - a ring of protection from cold (left hand)
 o - a +4 ring of protection (right hand)
 s - an amulet of the acrobat (around neck)
 B - a ring of ice
Scrolls
 a - 8 scrolls of identify
 i - 3 scrolls of teleportation
Potions
 b - 4 potions of cancellation
 d - a potion of might
 e - 4 potions of haste
 h - 3 potions of attraction
 l - 5 potions of curing
 n - a potion of lignification
 q - a potion of magic
 r - a potion of resistance
 t - a potion of heal wounds

Dungeon Overview and Level Annotations

Branches:
Dungeon (8/15)             Temple (1/1) D:5            Lair (3/5) D:8
  Swamp (0/4) Lair:2       Spider (0/4) Lair:3        Sewer (visited)

Altars:
Ashenzari
Cheibriados
Dithmenos
Elyvilon
Fedhas
Gozag
Hepliaklqana
Kikubaaqudgha
Makhleb
Nemelex Xobeh
Okawaru
Qazlal
Ru
Sif Muna
Trog
Uskayaw
Vehumet
Wu Jian
Xom
Yredelemnul
Zin
The Shining One

Shops:
D:5 ?*   D:7 :**

Annotations:
D:3 2 transporters, qw's ghost, amateur GrFi
D:8 3 runed translucent doors, qw's ghost, novice GrFi


Message History

Enter note:
11586 ||| DROPPING +1 cloak of Ymuuga Gabla {Int+6}.
You drop the +1 cloak of Ymuuga Gabla {Int+6}.
11587 ||| UPGRADING to +0 tower shield.
The orb spider weaves a glowing orb of energy.
You stop removing your armour.
11588 ||| UPGRADING to +0 tower shield.
You start removing your armour.
You continue taking off your +0 buckler.
The orb of destruction hits a rock wall.
You continue taking off your +0 buckler.
The orb spider spins a strand of pure energy.
You continue taking off your +0 buckler. x2
The orb spider weaves a glowing orb of energy.
You finish taking off your +0 buckler.
11593 ||| UPGRADING to +0 buckler.
You start putting on your armour.
You continue putting on your +0 buckler.
Keep equipping yourself?
The orb of destruction hits you!!
You continue putting on your +0 buckler.
The orb spider spins a strand of pure energy.
You continue putting on your +0 buckler.
The orb spider weaves a glowing orb of energy.
You continue putting on your +0 buckler.
The orb of destruction hits a rock wall.
You finish putting on your +0 buckler.
11598 ||| UPGRADING to +0 tower shield.
You start removing your armour.
You continue taking off your +0 buckler.
The orb spider begins to weave its threads into a brightly glowing ball.
You continue taking off your +0 buckler.
The orb spider weaves a glowing orb of energy.
You stop removing your armour.
11601 ||| UPGRADING to +0 tower shield.
You start removing your armour.
You continue taking off your +0 buckler.
You stop removing your armour.
The orb of destruction hits you!!!
Ouch! That really hurt!
You die...

~~~~~....................###....#
~~~~......./.....................
~~~~.............................
~~~~.............................
~~..#......####...#..............
~..##....#### ##^..#.............
..#.....###.#.###^.##............
.###....##.....^..^###......>....
........# +~~#.0@#.^##...........
.###.#.##..s~00.^^#.##...........
8..##.#.##>^0....#..##...........
%...######..~#.....^##.#.##.%%#.#
>.8## #+~~.#.###.##..###.%.###
...# #........#.#..## #...# 8..#
### .#^###..###..# #...#
##.#####.### #.#...###.####...#
...#.#.#..#####..#.......#....# #


You could see an orb spider.

Vanquished Creatures
  2 hydras (Lair:2)
  10 death yaks (Lair:3)
  Pikel (D:4)
  9 elephants (Lair:3)
  4 black mambas
  A torpor snail (Lair:2)
  4 cane toads
  A rime drake (Lair:3)
  9 komodo dragons
  3 polar bears (Lair:2)
  A hornet (Lair:2)
  Prince Ribbit (D:8)
  Grinder (D:5)
  5 blink frogs (Lair:3)
  16 yaks
  A wyvern (D:7)
  3 basilisks
  A steam dragon (D:7)
  A swamp worm (Lair:2)
  8 water moccasins
  An orc warrior (D:8)
  2 ice beasts
  3 sky beasts
  4 black bears
  12 wolves
  3 centaurs
  19 bullfrogs
  A kobold brigand (D:7)
  3 scorpions
  A gnoll sergeant (D:7)
  4 wights (D:6)
  A hound (D:7)
  2 jellies (D:5)
  3 orc priests
  2 sleepcaps (D:6)
  2 iguanas
  9 orc wizards
  Robin (D:3)
  7 gnolls
  11 adders
  7 river rats (Sewer)
  A shadow imp (D:6)
  2 white imps (D:7)
  2 ufetubi
  6 worms
  2 dart slugs
  17 orcs
  18 ball pythons
  4 bats
  9 endoplasms
  A giant cockroach (D:2)
  22 goblins
  10 hobgoblins
  3 jackals (D:1)
  A quokka (D:3)
  8 frilled lizards
  9 kobolds
  23 rats
318 creatures vanquished.

Notes
Turn   | Place    | Note
-------+----------+-------------------------------------------
     0 | D:1      | qw the Gargoyle Fighter began the quest for the Orb.
     0 | D:1      | Reached XP level 1. HP: 14/14 MP: 1/1
     0 | D:1      | 0 ||| qw: Version: 0.2-a-102-gdf20003
     0 | D:1      | 0 ||| qw: Game counter: 832
     0 | D:1      | 0 ||| qw: Always use a shield: true
     0 | D:1      | 0 ||| qw: God list: Okawaru
     0 | D:1      | 0 ||| qw: Allow faded altars: false
     0 | D:1      | 0 ||| qw: Do Orc after D:15 true
     0 | D:1      | 0 ||| qw: Do second Lair branch before Depths: true
     0 | D:1      | 0 ||| qw: Lair rune preference: random
     0 | D:1      | 0 ||| qw: Plans: Normal, Zot:1-4, Slime:5, God:TSO, Crypt,
                  | Tomb, Pan, Hells, Abyss, Win
     0 | D:1      | 0 ||| PLANNING D:1-11
    21 | D:1      | Reached skill level 2 in Axes
    78 | D:1      | Reached XP level 2. HP: 19/19 MP: 2/2
    99 | D:1      | 99 ||| Stepping ~*~*~tactically~*~*~ (stealth).
   101 | D:1      | 101 ||| Stepping ~*~*~tactically~*~*~ (hiding).
   104 | D:1      | 104 ||| Stepping ~*~*~tactically~*~*~ (hiding).
   107 | D:1      | 107 ||| Stepping ~*~*~tactically~*~*~ (hiding).
   268 | D:1      | 268 ||| Stepping ~*~*~tactically~*~*~ (stealth).
   269 | D:1      | 269 ||| DROPPING +0 club.
   356 | D:1      | 356 ||| Stepping ~*~*~tactically~*~*~ (stealth).
   361 | D:1      | Reached skill level 3 in Axes
   364 | D:1      | 364 ||| Stepping ~*~*~tactically~*~*~ (stealth).
   368 | D:1      | Reached XP level 3. HP: 23/23 MP: 3/3
   668 | D:1      | Found a faded altar of an unknown god.
   751 | D:1      | 751 ||| READING 3 scrolls labelled BAL FO OLAREKETZ.
   752 | D:1      | 752 ||| READING scroll labelled KUAQUIT WOKKOIRE.
   753 | D:1      | 753 ||| READING scroll labelled WERUEMY GIGE.
   757 | D:1      | 757 ||| READING 3 scrolls labelled YFUEPPOHEO.
   758 | D:1      | 758 ||| DRINKING 2 grey potions.
   759 | D:1      | 759 ||| READING 2 scrolls of identify.
   759 | D:1      | 759 ||| IDENTIFYING black potion
   760 | D:1      | 760 ||| DROPPING potion of invisibility.
   761 | D:1      | 761 ||| DROPPING 2 scrolls of summoning.
   873 | D:2      | 873 ||| DROPPING +0 mace.
   893 | D:2      | 893 ||| Stepping ~*~*~tactically~*~*~ (stealth).
   894 | D:2      | 894 ||| Stepping ~*~*~tactically~*~*~ (stealth).
   895 | D:2      | 895 ||| Stepping ~*~*~tactically~*~*~ (stealth).
  1428 | D:2      | Reached XP level 4. HP: 28/28 MP: 4/4
  1428 | D:2      | 1428 ||| UPGRADING to +0 chain mail.
  1438 | D:2      | 1438 ||| DROPPING +0 scale mail.
  1439 | D:2      | 1439 ||| READING scroll labelled YTAUFE IMPEKEB.
  1564 | D:3      | Reached skill level 4 in Axes
  1567 | D:3      | HP: 6/28 [orc/+0 flail (2)]
  1568 | D:3      | 1568 ||| READING scroll of teleportation.
  1571 | D:3      | Found a transporter.
  1571 | D:3      | Noticed qw's ghost (amateur GrFi)
  1571 | D:3      | HP: 2/28 [dart slug/slug dart (5)]
  1637 | D:3      | 1637 ||| FLEEEEING.
  1638 | D:3      | 1638 ||| FLEEEEING.
  1693 | D:3      | Found a transporter.
  1696 | D:3      | 1696 ||| DRINKING 2 coppery potions.
  1753 | D:3      | Reached XP level 5. HP: 32/32 MP: 5/5
  1788 | D:3      | 1788 ||| Stepping ~*~*~tactically~*~*~ (stealth).
  1790 | D:3      | 1790 ||| Stepping ~*~*~tactically~*~*~ (hiding).
  2028 | D:3      | 2028 ||| DROPPING +0 mace of holy wrath.
  2220 | D:3      | 2220 ||| Stepping ~*~*~tactically~*~*~ (stealth).
  2324 | D:3      | 2324 ||| READING scroll labelled BORUL LOCAUM.
  2325 | D:3      | 2325 ||| READING 2 scrolls labelled YRIGUE WEKEDEW.
  2326 | D:3      | 2326 ||| READING scroll labelled JACHIU UNOAZOI.
  2359 | D:3      | 2359 ||| Stepping ~*~*~tactically~*~*~ (stealth).
  2386 | D:3      | 2386 ||| Stepping ~*~*~tactically~*~*~ (stealth).
  2386 | D:3      | Noticed Robin
  2395 | D:3      | Reached skill level 5 in Axes
  2410 | D:3      | Killed Robin
  2507 | D:3      | 2507 ||| UPGRADING to +0 helmet.
  2512 | D:3      | 2512 ||| READING scroll of enchant armour.
  2512 | D:3      | 2512 ||| ENCHANTING +0 helmet.
  2513 | D:3      | 2513 ||| DROPPING scroll of noise.
  2629 | D:4      | 2629 ||| Stepping ~*~*~tactically~*~*~ (hiding).
  2636 | D:4      | Reached XP level 6. HP: 24/39 MP: 6/6
  2636 | D:4      | 2636 ||| Stepping ~*~*~tactically~*~*~ (stealth).
  2645 | D:4      | 2645 ||| Stepping ~*~*~tactically~*~*~ (stealth).
  2686 | D:4      | 2686 ||| Stepping ~*~*~tactically~*~*~ (stealth).
  2694 | D:4      | 2694 ||| Stepping ~*~*~tactically~*~*~ (hiding).
  2921 | D:4      | Found a sparkling altar of Nemelex Xobeh.
  2922 | D:4      | Found an opulent altar of Gozag.
  2924 | D:4      | Found a stormy altar of Qazlal.
  2929 | D:4      | Found a shadowy altar of Dithmenos.
  2931 | D:4      | Found a snail-covered altar of Cheibriados.
  2931 | D:4      | Found a burning altar of Makhleb.
  2931 | D:4      | Found a glowing golden altar of the Shining One.
  2931 | D:4      | Found a sacrificial altar of Ru.
  2931 | D:4      | Found a basalt altar of Yredelemnul.
  2932 | D:4      | Found an ornate altar of the Wu Jian Council.
  2933 | D:4      | Found an ancient bone altar of Kikubaaqudgha.
  2934 | D:4      | Found a hazy altar of Hepliaklqana.
  2935 | D:4      | Found a bloodstained altar of Trog.
  2936 | D:4      | Found a shimmering blue altar of Sif Muna.
  3383 | D:4      | Noticed Pikel
  3403 | D:4      | Killed Pikel
  3404 | D:4      | Reached skill level 7 in Axes
  3404 | D:4      | Reached XP level 7. HP: 14/44 MP: 7/7
  3822 | D:4      | 3822 ||| READING scroll labelled YGOUNUA NEICEL.
  3823 | D:4      | 3823 ||| READING scroll labelled ZISERO EBRUTT.
  3824 | D:4      | 3824 ||| DRINKING 3 white potions.
  3825 | D:4      | 3825 ||| DRINKING 2 golden potions.
  3826 | D:4      | 3826 ||| READING 3 scrolls of identify.
  3826 | D:4      | 3826 ||| IDENTIFYING bubbling coppery potion
  3827 | D:4      | 3827 ||| READING 2 scrolls of identify.
  3827 | D:4      | 3827 ||| IDENTIFYING purple potion
  3828 | D:4      | 3828 ||| DROPPING potion of flight.
  3829 | D:4      | 3829 ||| DROPPING 2 potions of brilliance.
  3853 | D:5      | Entered Level 5 of the Dungeon
  3859 | D:5      | Found Sidurep's Magic Scroll Emporium.
  3871 | D:5      | 3871 ||| BUYING scroll of enchant armour (90 gold).
  3871 | D:5      | Bought a scroll of enchant armour for 90 gold pieces
  3871 | D:5      | 3871 ||| BUYING scroll of identify (24 gold).
  3871 | D:5      | Bought a scroll of identify for 24 gold pieces
  3871 | D:5      | 3871 ||| BUYING scroll of identify (24 gold).
  3871 | D:5      | Bought a scroll of identify for 24 gold pieces
  3871 | D:5      | 3871 ||| SHOPLISTING scroll of identify (24 gold, have 22).
  3871 | D:5      | 3871 ||| READING scroll of enchant armour.
  3871 | D:5      | 3871 ||| ENCHANTING +1 helmet.
  3897 | D:5      | Reached skill level 1 in Dodging
  3944 | D:5      | 3944 ||| Stepping ~*~*~tactically~*~*~ (stealth).
  3953 | D:5      | 3953 ||| Stepping ~*~*~tactically~*~*~ (stealth).
  3954 | D:5      | 3954 ||| Stepping ~*~*~tactically~*~*~ (stealth).
  3955 | D:5      | 3955 ||| Stepping ~*~*~tactically~*~*~ (stealth).
  3966 | D:5      | 3966 ||| Stepping ~*~*~tactically~*~*~ (stealth).
  3969 | D:5      | 3969 ||| Stepping ~*~*~tactically~*~*~ (stealth).
  3973 | D:5      | 3973 ||| Stepping ~*~*~tactically~*~*~ (stealth).
  3974 | D:5      | 3974 ||| Stepping ~*~*~tactically~*~*~ (stealth).
  3990 | D:5      | 3990 ||| Stepping ~*~*~tactically~*~*~ (stealth).
  3993 | D:5      | 3993 ||| Stepping ~*~*~tactically~*~*~ (hiding).
  4000 | D:5      | Reached XP level 8. HP: 49/49 MP: 8/8
  4000 | D:5      | 4000 ||| Stepping ~*~*~tactically~*~*~ (hiding).
  4001 | D:5      | 4001 ||| Stepping ~*~*~tactically~*~*~ (hiding).
  4008 | D:5      | Noticed Grinder
  4010 | D:5      | Reached skill level 1 in Throwing
  4011 | D:5      | Paralysed by Grinder for 3 turns
  4017 | D:5      | Paralysed by Grinder for 3 turns
  4031 | D:5      | Paralysed by Grinder for 5 turns
  4040 | D:5      | Paralysed by Grinder for 5 turns
  4048 | D:5      | Killed Grinder
  4193 | D:5      | Reached skill level 8 in Axes
  4214 | D:5      | Found a staircase to the Ecumenical Temple.
  4215 | D:5      | 4215 ||| PLANNING TEMPLE
  4215 | D:5      | 4215 ||| DRINKING 2 viscous inky potions.
  4224 | Temple   | Entered the Ecumenical Temple
  4288 | Temple   | 4288 ||| PLANNING OKAWARU WORSHIP
  4370 | Temple   | Became a worshipper of Warmaster Okawaru
  4370 | Temple   | 4370 ||| PLANNING D:1-11
  4431 | D:5      | Found Ystehos's General Store.
  4439 | D:5      | 4439 ||| SHOPLISTING +1 war axe of the Stork {elec, rC+
                  | Int+3} (442 gold, have 56).
  4439 | D:5      | 4439 ||| SHOPLISTING potion of haste (130 gold, have 56).
  4734 | D:5      | 4734 ||| UPGRADING to +0 cloak.
  4765 | D:6      | 4765 ||| PLANNING SEWER
  4819 | D:6      | Found a glowing drain.
  4824 | D:6      | 4824 ||| Stepping ~*~*~tactically~*~*~ (stealth).
  4846 | Sewer    | Entered a sewer
  4866 | Sewer    | 4866 ||| Stepping ~*~*~tactically~*~*~ (water).
  5057 | Sewer    | 5057 ||| Stepping ~*~*~tactically~*~*~ (stealth).
  5075 | Sewer    | 5075 ||| READING scroll of enchant armour.
  5075 | Sewer    | 5075 ||| ENCHANTING +0 cloak.
  5102 | Sewer    | 5102 ||| Stepping ~*~*~tactically~*~*~ (water).
  5112 | Sewer    | Reached skill level 6 in Fighting
  5192 | Sewer    | 5192 ||| READING 2 scrolls labelled XINIRU YDDEROQE.
  5193 | Sewer    | 5193 ||| DRINKING 2 bubbling blue potions.
  5194 | Sewer    | 5194 ||| DRINKING 2 blue potions.
  5195 | Sewer    | 5195 ||| DROPPING scroll of blinking.
  5199 | D:6      | 5199 ||| PLANNING D:1-11
  5244 | D:6      | Reached * piety under Okawaru
  5324 | D:6      | Reached skill level 1 in Invocations
  5324 | D:6      | Reached XP level 9. HP: 55/55 MP: 8/10
  5574 | D:6      | 5574 ||| Stepping ~*~*~tactically~*~*~ (stealth).
  5575 | D:6      | 5575 ||| Stepping ~*~*~tactically~*~*~ (stealth).
  5577 | D:6      | 5577 ||| Stepping ~*~*~tactically~*~*~ (stealth).
  5584 | D:6      | Reached skill level 9 in Axes
  5672 | D:6      | Reached skill level 3 in Invocations
  5679 | D:6      | 5679 ||| FLEEEEING.
  5680 | D:6      | 5680 ||| FLEEEEING.
  5681 | D:6      | 5681 ||| FLEEEEING.
  5682 | D:6      | 5682 ||| FLEEEEING.
  5683 | D:6      | 5683 ||| FLEEEEING.
  5684 | D:6      | 5684 ||| FLEEEEING.
  5685 | D:6      | 5685 ||| FLEEEEING.
  5686 | D:6      | 5686 ||| FLEEEEING.
  5687 | D:6      | 5687 ||| FLEEEEING.
  5690 | D:6      | 5690 ||| FLEEEEING.
  5691 | D:6      | 5691 ||| FLEEEEING.
  5692 | D:6      | 5692 ||| FLEEEEING.
  5873 | D:6      | 5873 ||| DROPPING +2 hat.
  5874 | D:6      | 5874 ||| UPGRADING to amulet of the acrobat.
  5923 | D:7      | 5923 ||| INVOKING Heroism.
  6013 | D:7      | 6013 ||| INVOKING Heroism.
  6145 | D:7      | Found a blossoming altar of Fedhas.
  6181 | D:7      | 6181 ||| INVOKING Heroism.
  6200 | D:7      | 6200 ||| Stepping ~*~*~tactically~*~*~ (stealth).
  6201 | D:7      | 6201 ||| INVOKING Heroism.
  6325 | D:7      | Found a flagged portal.
  6326 | D:7      | 6326 ||| INVOKING Heroism.
  6341 | D:7      | 6341 ||| INVOKING Heroism.
  6512 | D:7      | Found Gim Peas's Book Boutique.
  6512 | D:7      | Found Orukecufac's General Store.
  6513 | D:7      | Found Mytteut's General Store.
  6520 | D:7      | 6520 ||| READING scroll of enchant armour.
  6520 | D:7      | 6520 ||| ENCHANTING +1 cloak.
  6523 | D:7      | 6523 ||| BUYING +1 chain mail of poison resistance (135
                  | gold).
  6523 | D:7      | Bought a +1 chain mail of poison resistance for 135 gold
                  | pieces
  6523 | D:7      | 6523 ||| SHOPLISTING +2 broad axe of qw's Terror {drain,
                  | rC+ rCorr Str+2} (410 gold, have 36).
  6605 | D:7      | Reached ** piety under Okawaru
  6659 | D:7      | 6659 ||| UPGRADING to +0 pair of boots.
  6664 | D:7      | 6664 ||| UPGRADING to +1 chain mail of poison resistance.
  6674 | D:7      | 6674 ||| DROPPING +0 chain mail.
  6778 | D:7      | 6778 ||| SHOPLISTING potion of magic (112 gold, have 36).
  6778 | D:7      | 6778 ||| SHOPLISTING potion of mutation (112 gold, have
                  | 36).
  6896 | D:8      | Noticed Prince Ribbit
  6897 | D:8      | 6897 ||| INVOKING Heroism.
  6909 | D:8      | Killed Prince Ribbit
  6910 | D:8      | Reached skill level 10 in Axes
  6910 | D:8      | Reached XP level 10. HP: 63/63 MP: 11/13
  7096 | D:8      | 7096 ||| INVOKING Heroism.
  7099 | D:8      | Reached skill level 6 in Armour
  7113 | D:8      | HP: 6/63 [komodo dragon (20)]
  7114 | D:8      | 7114 ||| READING 4 scrolls of teleportation.
  7115 | D:8      | 7115 ||| DRINKING potion of heal wounds.
  7116 | D:8      | 7116 ||| INVOKING Heroism.
  7152 | D:8      | 7152 ||| INVOKING Heroism.
  7270 | D:8      | 7270 ||| Stepping ~*~*~tactically~*~*~ (stealth).
  7310 | D:8      | 7310 ||| INVOKING Heroism.
  7428 | D:8      | Found a staircase to the Lair.
  7447 | D:8      | 7447 ||| INVOKING Heroism.
  7671 | D:8      | Found a runed translucent gate.
  7671 | D:8      | Found a runed translucent gate.
  7671 | D:8      | Found a runed translucent gate.
  7671 | D:8      | Noticed qw's ghost (novice GrFi)
  7749 | D:8      | 7749 ||| PLANNING LAIR
  7778 | Lair:1   | Entered Level 1 of the Lair of Beasts
  7779 | Lair:1   | 7779 ||| PLANNING GAUNTLET
  7939 | Lair:1   | 7939 ||| INVOKING Heroism.
  7958 | Lair:1   | Reached skill level 11 in Axes
  8120 | Lair:1   | 8120 ||| Stepping ~*~*~tactically~*~*~ (hiding).
  8251 | Lair:1   | 8251 ||| INVOKING Heroism.
  8265 | Lair:1   | 8265 ||| RIP GAUNTLET
  8268 | Lair:1   | 8268 ||| PLANNING LAIR
  8494 | Lair:1   | Noticed a cane toad
  8495 | Lair:1   | 8495 ||| INVOKING Heroism.
  8500 | Lair:1   | Killed a cane toad
  8501 | Lair:1   | Reached skill level 9 in Fighting
  8678 | Lair:1   | Reached XP level 11. HP: 60/71 MP: 14/14
  8859 | Lair:1   | 8859 ||| UPGRADING to ring of protection from cold.
  8860 | Lair:1   | 8860 ||| READING scroll labelled SOZYSK GICEXKO.
  8860 | Lair:1   | Identified a scroll of acquirement
  8860 | Lair:1   | 8860 ||| ACQUIRING +6 broad axe of flaming
  8860 | Lair:1   | Acquired a +6 broad axe of flaming
  8862 | Lair:1   | 8862 ||| SWAPPING to +6 broad axe of flaming.
  8863 | Lair:1   | 8863 ||| DROPPING +1 morningstar of holy wrath.
  8864 | Lair:1   | 8864 ||| DROPPING +1 war axe.
  8911 | Lair:2   | 8911 ||| INVOKING Heroism.
  8917 | Lair:2   | Reached *** piety under Okawaru
  8986 | Lair:2   | 8986 ||| Stepping ~*~*~tactically~*~*~ (stealth).
  8987 | Lair:2   | 8987 ||| Stepping ~*~*~tactically~*~*~ (stealth).
  8989 | Lair:2   | 8989 ||| Stepping ~*~*~tactically~*~*~ (stealth).
  8994 | Lair:2   | 8994 ||| INVOKING Heroism.
  8999 | Lair:2   | 8999 ||| Stepping ~*~*~tactically~*~*~ (stealth).
  9008 | Lair:2   | 9008 ||| Stepping ~*~*~tactically~*~*~ (stealth).
  9010 | Lair:2   | 9010 ||| Stepping ~*~*~tactically~*~*~ (stealth).
  9013 | Lair:2   | 9013 ||| INVOKING Heroism.
  9056 | Lair:2   | 9056 ||| INVOKING Heroism.
  9184 | Lair:2   | 9184 ||| INVOKING Heroism.
  9190 | Lair:2   | Reached skill level 12 in Axes
  9312 | Lair:2   | 9312 ||| Stepping ~*~*~tactically~*~*~ (hiding).
  9343 | Lair:2   | 9343 ||| INVOKING Heroism.
  9351 | Lair:2   | Reached skill level 6 in Shields
  9415 | Lair:2   | 9415 ||| INVOKING Heroism.
  9545 | Lair:2   | Identified the +4 ring mail "Peaneud" {rElec rF++ Int+4}
  9564 | Lair:2   | 9564 ||| INVOKING Heroism.
  9584 | Lair:2   | Noticed a five-headed hydra
  9584 | Lair:2   | Noticed a seven-headed hydra
  9587 | Lair:2   | 9587 ||| Stepping ~*~*~tactically~*~*~ (hiding).
  9588 | Lair:2   | 9588 ||| INVOKING Heroism.
  9592 | Lair:2   | Killed a two-headed hydra
  9592 | Lair:2   | Reached **** piety under Okawaru
  9597 | Lair:2   | Killed a three-headed hydra
  9657 | Lair:2   | 9657 ||| INVOKING Heroism.
  9712 | Lair:2   | Found a staircase to the Swamp.
  9831 | Lair:2   | 9831 ||| Stepping ~*~*~tactically~*~*~ (stealth).
  9833 | Lair:2   | 9833 ||| INVOKING Heroism.
  9856 | Lair:2   | 9856 ||| INVOKING Heroism.
 10394 | Lair:2   | 10394 ||| UPGRADING to +0 plate armour.
 10404 | Lair:2   | 10404 ||| DROPPING +1 chain mail of poison resistance.
 10405 | Lair:2   | 10405 ||| UPGRADING to +0 pair of gloves.
 10410 | Lair:2   | 10410 ||| UPGRADING to +4 ring of protection.
 10411 | Lair:2   | 10411 ||| DRINKING 2 ruby potions.
 10516 | Lair:2   | 10516 ||| READING 8 scrolls of identify.
 10516 | Lair:2   | 10516 ||| IDENTIFYING cyan potion
 10517 | Lair:2   | 10517 ||| DROPPING potion of berserk rage.
 10518 | Lair:2   | 10518 ||| DROPPING potion of degeneration.
 10534 | Lair:3   | 10534 ||| READING scroll of enchant weapon.
 10534 | Lair:3   | 10534 ||| ENCHANTING +6 broad axe of flaming.
 10559 | Lair:3   | 10559 ||| Stepping ~*~*~tactically~*~*~ (stealth).
 10560 | Lair:3   | 10560 ||| INVOKING Heroism.
 10566 | Lair:3   | Reached XP level 12. HP: 77/77 MP: 13/16
 10578 | Lair:3   | Reached skill level 6 in Invocations
 10674 | Lair:3   | 10674 ||| Stepping ~*~*~tactically~*~*~ (stealth).
 10696 | Lair:3   | Received a gift from Okawaru
 10765 | Lair:3   | Noticed a death yak
 10765 | Lair:3   | Noticed a death yak
 10766 | Lair:3   | 10766 ||| INVOKING Heroism.
 10777 | Lair:3   | Killed a death yak
 10782 | Lair:3   | Killed a death yak
 10784 | Lair:3   | Noticed a death yak
 10785 | Lair:3   | 10785 ||| Stepping ~*~*~tactically~*~*~ (stealth).
 10787 | Lair:3   | Noticed a death yak
 10789 | Lair:3   | Noticed a death yak
 10794 | Lair:3   | Killed a death yak
 10794 | Lair:3   | Reached ***** piety under Okawaru
 10794 | Lair:3   | Received a gift from Okawaru
 10795 | Lair:3   | Reached skill level 9 in Armour
 10795 | Lair:3   | 10795 ||| INVOKING Finesse.
 10799 | Lair:3   | Killed a death yak
 10803 | Lair:3   | Killed a death yak
 10807 | Lair:3   | 10807 ||| INVOKING Heroism.
 10820 | Lair:3   | Reached skill level 13 in Axes
 10850 | Lair:3   | 10850 ||| INVOKING Heroism.
 10870 | Lair:3   | 10870 ||| INVOKING Heroism.
 10946 | Lair:3   | Reached skill level 9 in Invocations
 11000 | Lair:3   | 11000 ||| Stepping ~*~*~tactically~*~*~ (stealth).
 11002 | Lair:3   | 11002 ||| Stepping ~*~*~tactically~*~*~ (stealth).
 11003 | Lair:3   | 11003 ||| Stepping ~*~*~tactically~*~*~ (stealth).
 11009 | Lair:3   | Identified the +1 cloak of Ymuuga Gabla {Int+6} (Okawaru
                  | gifted it to you on level 3 of the Lair of Beasts)
 11009 | Lair:3   | Received a gift from Okawaru
 11012 | Lair:3   | 11012 ||| INVOKING Heroism.
 11105 | Lair:3   | 11105 ||| Stepping ~*~*~tactically~*~*~ (stealth).
 11120 | Lair:3   | Reached XP level 13. HP: 69/82 MP: 20/20
 11120 | Lair:3   | 11120 ||| FLEEEEING.
 11122 | Lair:3   | 11122 ||| FLEEEEING.
 11123 | Lair:3   | 11123 ||| FLEEEEING.
 11143 | Lair:3   | 11143 ||| INVOKING Heroism.
 11359 | Lair:3   | Reached skill level 3 in Throwing
 11395 | Lair:3   | 11395 ||| Stepping ~*~*~tactically~*~*~ (stealth).
 11398 | Lair:3   | 11398 ||| INVOKING Heroism.
 11409 | Lair:3   | 11409 ||| INVOKING Finesse.
 11584 | Lair:3   | Found a hole to the Spider Nest.
 11586 | Lair:3   | 11586 ||| DROPPING +1 cloak of Ymuuga Gabla {Int+6}.
 11587 | Lair:3   | 11587 ||| UPGRADING to +0 tower shield.
 11588 | Lair:3   | 11588 ||| UPGRADING to +0 tower shield.
 11593 | Lair:3   | 11593 ||| UPGRADING to +0 buckler.
 11598 | Lair:3   | 11598 ||| UPGRADING to +0 tower shield.
 11601 | Lair:3   | 11601 ||| UPGRADING to +0 tower shield.
 11602 | Lair:3   | Blown up by an orb spider

Levels and vault maps discovered:
D:1:      evilmike_arrival_crescent, layout_rooms,
          dreamdust_ecumenical_altar_sealed_demon,
          ebering_dispersal_statue_hall, item_on_display_a
D:2:      layout_loops_ring
D:3:      layout_basic, gammafunk_ghost_arena, minmay_stone_trees_large,
          uniq_robin
D:4:      layout_basic, minitemple, kennysheep_generic_room_14, uniq_pikel
D:5:      layout_cave_pools, minmay_temple_entry_glass, serial_shops, shop,
          corexii_shack, nicolae_stop_n_shop_2, uniq_grinder
D:6:      layout_basic, cheibrodos_sewer_entry_bend, minmay_microvault
D:7:      layout_rooms, fedhas_altar_decomposition, enter_bailey_6,
          nicolae_shop_distant_corner_stores, minmay_misc_feat_tiny
D:8:      layout_gridville, due_lair_maze_entry_diamond,
          gammafunk_ghost_necromancy, uniq_prince_ribbit1
Temple:   nicolae_temple_superstar
Lair:1:   layout_regular_city, gauntlet_entry_generic, hibernation_bobbens
Lair:2:   layout_layer_cave, palyth_hydra_swamp_entry, grunt_megastairs_2
Lair:3:   gammafunk_mikee_crab_dinner, layout_small_grid,
          nicolae_spider_entry_orb_guardian, grunt_megastairs_3,
          infiniplex_staircase_pool_2

Skill      XL: |  1  2  3  4  5  6  7  8  9 10 11 12 13 |
---------------+----------------------------------------+-----
Axes           | 2 3 4 5 7 8 10 11 12 13 | 13.7
Fighting       | 4 5 6 7 9 10 | 10.2
Dodging        | 1 2 |  2.0
Throwing       | 1 2 3 |  3.0
Armour         | 4 5 6 7 10 | 10.0
Invocations    | 1 4 5 9 10 | 10.0
Shields        | 4 5 6 |  6.1

Action                     |  1- 3 |  4- 6 |  7- 9 | 10-12 | 13-15 || total
---------------------------+-------+-------+-------+-------+-------++-------
  Melee: War axe           |    83 |   135 |   313 |   151 |       ||   682
         Broad axe         |       |       |       |   217 |    44 ||   261
  Throw: Boomerang         |    63 |    34 |    96 |    94 |     4 ||   291
         Javelin           |       |       |       |     2 |     2 ||     4
 Invoke: Heroism           |       |       |     7 |    26 |     2 ||    35
         Finesse           |       |       |       |     1 |     1 ||     2
    Use: Scroll            |     5 |     6 |     8 |     4 |       ||    23
         Potion            |     1 |     1 |     5 |     2 |       ||     9
 Armour: Scale mail        |    38 |       |       |       |       ||    38
         Chain mail        |       |    82 |   240 |   149 |       ||   471
         Plate armour      |       |       |       |    66 |    38 ||   104
  Dodge: Dodged            |    36 |    47 |   134 |   141 |     8 ||   366
  Block: Buckler           |    15 |    22 |    57 |    83 |    13 ||   190

Table legend:
 A = Non-vault XP
 B = Vault XP
 C = Vault XP percentage of total XP
 D = Non-vault monster count
 E = Vault monster count
 F = Vault count percentage of total count
                 A         B        C        D         E       F
            +---------+---------+-------+---------+---------+-------
      Total |   27498 |   10481 |  27.6 |     221 |      97 |  30.5
            +---------+---------+-------+---------+---------+-------
        D:1 |      51 |       0 |   0.0 |      31 |       0 |   0.0
        D:2 |      33 |       0 |   0.0 |       9 |       0 |   0.0
        D:3 |     140 |      37 |  20.9 |      24 |      13 |  35.1
        D:4 |     126 |     641 |  83.6 |      11 |       1 |   8.3
        D:5 |     417 |     256 |  38.0 |      21 |       2 |   8.7
        D:6 |    1032 |      45 |   4.2 |      15 |       3 |  16.7
        D:7 |    1418 |       0 |   0.0 |      25 |       0 |   0.0
        D:8 |     429 |    1778 |  80.6 |      10 |      10 |  50.0
     Lair:1 |    2594 |       0 |   0.0 |      17 |       0 |   0.0
     Lair:2 |    5304 |    3696 |  41.1 |      21 |      13 |  38.2
     Lair:3 |   15954 |    3669 |  18.7 |      37 |      10 |  21.3
      Sewer |       0 |     359 | 100.0 |       0 |      45 | 100.0
            +---------+---------+-------+---------+---------+-------
